 Dungeon Crawl Stone Soup version 0.30-a0-242-g7bf8e6d787 (webtiles) character file.

Game seed: 17737051404474092300

87 purpskrrrp the Conjurer (level 4, 0/27 (34) HPs)
             Began as a Demonspawn Reaver on Oct 11, 2022.
             Slain by Natasha (5 damage)
             ... on level 3 of the Dungeon.
             The game lasted 00:04:15 (1637 turns).

purpskrrrp the Conjurer (Demonspawn Reaver)         Turns: 1637, Time: 00:04:15

HP:   0/27 (34)     AC:  6    Str: 14    XL:     4   Next: 28%
MP:   7/7           EV: 11    Int: 17    God:
Gold: 184           SH:  0    Dex: 11    Spells: 7/8 levels left

rFire   . . .      SeeInvis .    a - +0 hand axe
rCold   . . .      Faith    .    (no shield)
rNeg    . . .      Spirit   .    b - +0 leather armour
rPois   .          Reflect  .    (no helmet)
rElec   .          Harm     .    f - +0 cloak
rCorr   .          Rampage  .    d - +1 pair of gloves
Will    .....                    (no boots)
Stlth   +.........               (no amulet)
HPRegen 0.24/turn                g - ring of flight
MPRegen 0.10/turn                (no ring)

@: on berserk cooldown, flying, slowed, heavily drained, very slow
A: demonic guardian 1, big brain 1
a: no special abilities


You were on level 3 of the Dungeon.
You visited 1 branch of the dungeon, and saw 3 of its levels.

You collected 184 gold pieces.

Inventory:

Hand Weapons
 a - a +0 hand axe (weapon)
Armour
 b - a +0 leather armour (worn)
 d - a +1 pair of gloves (worn)
 f - a +0 cloak (worn)
Jewellery
 g - a ring of flight (left hand)
Scrolls
 i - a scroll of summoning {unknown}
 j - 2 scrolls of identify {unknown}
 m - a scroll of poison
Potions
 e - a potion of berserk rage
 h - a potion of attraction {unknown}
 k - a potion of lignification {unknown}
 l - a potion of degeneration {unknown}


   Skills:
 + Level 2.5 Fighting
 * Level 3.2 Axes
 + Level 2.3 Dodging
 + Level 2.5 Spellcasting
 + Level 3.3 Conjurations
 + Level 1.1 Necromancy


You had 7 spell levels left.
You knew the following spells:

 Your Spells              Type           Power      Damage    Failure   Level
a - Kiss of Death         Conj/Necr      36%        2d8       10%         1

Your spell library contained the following spells:

 Spells                   Type           Power      Damage    Failure   Level
 Momentum Strike          Conj/Tloc      14%        3d8       19%         2
 Hailstorm                Conj/Ice       7%         3d4       34%         3


Dungeon Overview and Level Annotations

Branches:
Dungeon (3/15)

Altars:

Annotations:
D:3 Natasha


Innate Abilities, Weirdness & Mutations

A weak demonic guardian rushes to your aid.
You have an unusually large brain. (Int +2)


Message History

It was a potion of berserk rage.
A red film seems to cover your vision as you go berserk!
You feel yourself moving faster!
You feel mighty! Natasha closely misses you. Natasha claws you.
* * * LOW HITPOINT WARNING * * *
You closely miss Natasha.
Natasha is heavily wounded.
Natasha claws you.
* * * LOW HITPOINT WARNING * * *
A demonic guardian appears!
You closely miss Natasha.
Natasha is heavily wounded.
Natasha hisses.
Natasha claws you.
* * * LOW HITPOINT WARNING * * *
You swap places.
You feel yourself speed up. Natasha barely misses your shadow imp.
Your shadow imp hits Natasha.
You feel a strong urge to attack something.
Natasha claws your shadow imp.
Your shadow imp barely misses Natasha.
You feel your anger nearly subside.
You are no longer berserk.
You are exhausted.
You feel yourself slow down. Natasha claws your shadow imp.
Your shadow imp hits Natasha but does no damage.
It was a potion of curing.
You feel better. Natasha claws your shadow imp.
Your shadow imp dies!
Your shadow imp disappears in a puff of smoke!
You closely miss Natasha.
Natasha is heavily wounded.
Natasha claws you.
* * * LOW HITPOINT WARNING * * *
A demonic guardian appears!
You miss Natasha.
Natasha is heavily wounded.
Natasha closely misses you. Natasha barely misses you.
You swap places.
Your shadow imp closely misses Natasha.
Natasha closely misses you.
Your shadow imp barely misses Natasha.
Natasha claws you.
You die...

#..........#
#........###
########.#
#######.#
#.....#.#
#.###.#.#
#.#<..#5#
#h#####.#
#5@.....#
#########


You could see Natasha (very drained, ally target) and a friendly shadow imp
(summoned).

Vanquished Creatures
  Natasha (D:3)
  An adder (D:2)
  2 dart slugs (D:1)
  5 bats
  5 endoplasms
  4 giant cockroaches
  7 goblins
  3 hobgoblins
  6 jackals
  3 kobolds (D:1)
  2 quokkas (D:1)
  A ball python (D:2)
  4 frilled lizards
  A rat (D:2)
45 creatures vanquished.

Vanquished Creatures (others)
  A plant (D:1)
1 creature vanquished.

Grand Total: 46 creatures vanquished

Notes
Turn   | Place    | Note
-------+----------+-------------------------------------------
     0 | D:1      | purpskrrrp the Demonspawn Reaver began the quest for the
                  | Orb.
     0 | D:1      | Reached XP level 1. HP: 16/16 MP: 3/3
   137 | D:1      | Gained mutation: A weak demonic guardian rushes to your
                  | aid. [demonic ancestry]
   137 | D:1      | Reached XP level 2. HP: 20/22 MP: 5/5
   443 | D:1      | Gained mutation: You have an unusually large brain. (Int
                  | +2) [demonic ancestry]
   443 | D:1      | Reached XP level 3. HP: 28/28 MP: 6/6
  1333 | D:2      | Reached skill level 1 in Necromancy
  1590 | D:3      | Noticed Natasha
  1603 | D:3      | Killed Natasha
  1604 | D:3      | Reached XP level 4. HP: 13/32 MP: 7/7
  1620 | D:3      | Noticed Natasha
  1637 | D:3      | Slain by Natasha

Illustrated notes

Levels and vault maps discovered:
D:1:      minmay_arrival_plants_in_alcoves, layout_basic, wad_floor_pattern_2
D:2:      layout_basic
D:3:      layout_basic, ebering_ecumenical_altar_petrified, serial_shops,
          nicolae_shop_behind_doors, uniq_natasha

Skill      XL: |  1  2  3 |
---------------+----------+-----
Dodging        | 2 |  2.3
Axes           | 3 |  3.2
Necromancy     | 1 |  1.1
Fighting       | |  2.5
Spellcasting   | |  2.5
Conjurations   | |  3.3

Action                   |  1- 3 |  4- 6 || total
-------------------------+-------+-------++-------
Melee: Hand axe          |   143 |     8 ||   151
       Punch             |     1 |       ||     1
 Cast: Kiss of Death     |     1 |     1 ||     2
  Use: Scroll            |     2 |       ||     2
       Potion            |       |     2 ||     2
Armor: Leather armour    |    84 |     2 ||    86
Dodge: Dodged            |   121 |     6 ||   127

Table legend: (Time is in decaauts)
 A = Elapsed time spent in this place.
 B = Non-inter-level travel time spent in this place.
 C = Inter-level travel time spent in this place.
 D = Time resting spent in this place.
 E = Time spent auto-exploring this place.
 F = Levels seen in this place.
 G = Mean time per level.
                   A        B        C        D        E       F      G
               +--------+--------+--------+--------+--------+-----+--------+
         Total |   1669 |   1593 |     76 |     86 |   1126 |   3 |  556.3 |
       Dungeon |   1669 |   1593 |     76 |     86 |   1126 |   3 |  556.3 |
               +--------+--------+--------+--------+--------+-----+--------+

Top non-repeatable levels by time:
     D:1: 906 daAuts
     D:2: 672 daAuts
     D:3: 90 daAuts
